 Dungeon Crawl Stone Soup version 0.18.1-5-g4a78601 (webtiles) character file.

61 Charmandara the Ruffian (level 4, -1/36 HPs)
             Began as a Ghoul Warper on May 11, 2016.
             Slain by a worm (11 damage)
             ... on level 2 of the Dungeon.
             The game lasted 00:03:37 (1151 turns).

Charmandara the Ruffian (Ghoul Warper)              Turns: 1151, Time: 00:03:37

Health: -1/36      AC:  3    Str: 14    XL:     4   Next: 7%
Magic:  5/5        EV: 11    Int:  8    God:
Gold:   54         SH:  0    Dex:  9    Spells: 2 memorised, 3 levels left

rFire  . . .     SeeInvis .       - Unarmed
rCold  + . .     Gourm    .     a - +0 leather armour
rNeg   + + +     Faith    .     (no shield)
rPois  ∞         Spirit   .     (no helmet)
rElec  .         Dismiss  .     (no cloak)
rCorr  .         Reflect  .     (no gloves)
SustAt .         Harm     .     (no boots)
MR     .....                    (no amulet)
Stlth  +.........               (no ring)
                                (no ring)

@: rotting, not resistant to hostile enchantments, very unstealthy
A: rotting body, claws 1, carnivore 3, cold resistance 1, negative energy
resistance 3, slow regeneration 1, torment resistance, unbreathing
a: no special abilities


You were on level 2 of the Dungeon.
You were not hungry.

You visited 1 branch of the dungeon, and saw 2 of its levels.

You collected 54 gold pieces.

Inventory:

Missiles
 d - 5 tomahawks of dispersal {=f}
 e - 61 stones (quivered)
 h - 3 arrows
 i - 21 bolts
 o - 22 sling bullets
Armour
 a - a +0 leather armour (worn)
Jewellery
 q - a +2 ring of protection {unknown}
   (You found it on level 2 of the Dungeon)
Scrolls
 c - 2 scrolls of blinking {!r}
 g - a scroll of remove curse {unknown}
 k - a scroll of identify {unknown}
 r - a scroll of fear {unknown}
Potions
 j - 3 potions of heal wounds {unknown}
 l - a potion of haste {unknown}
 m - a potion of agility {unknown}
Books
 b - a book of Spatial Translocations
Comestibles
 f - 4 meat rations {@e2}
 n - a slice of pizza
 p - a beef jerky
 s - 3 chunks of flesh {@w0}


   Skills:
 - Level 2.1 Fighting
 - Level 0.8 Throwing
 - Level 0.8 Armour
 - Level 1.7 Dodging
 + Level 4.6 Unarmed Combat
 - Level 1.7 Spellcasting
 - Level 2.6 Translocations


You had 3 spell levels left.
You knew the following spells:

 Your Spells              Type           Power        Failure   Level  Hunger
b - Blink                 Tloc           N/A          24%         2    ###....
g - Apportation           Tloc           #.........   17%         1    ##.....


Dungeon Overview and Level Annotations

Branches:
Dungeon (2/15)

Altars:


Innate Abilities, Weirdness & Mutations

Your body is rotting away.
You thrive on raw meat.
You are immune to poison.
You have sharp fingernails.
You are carnivorous and can eat meat at any time.
Your flesh is cold resistant.
You are immune to negative energy.
You regenerate slowly when monsters are visible.
You are immune to unholy pain and torment.
You can survive without breathing.


Message History

You regained 2 hp, and now have 25/28 hp.
f - 4 meat rations {@e2} (gained 1)
Something unseen opens the large door.
You regained 2 hp, and now have 27/28 hp.
Unknown command.
A kobold comes into view.
A kobold is nearby!
The kobold throws a stone.
The stone misses you.
The kobold throws a stone.
The stone misses you.
You feel your flesh rotting away. The kobold barely misses you.
You barely miss the kobold. The kobold closely misses you.
You closely miss the kobold. The kobold misses you.
You scratch the kobold. The kobold barely misses you.
You scratch the kobold but do no damage.
The kobold closely misses you.
You closely miss the kobold. The kobold hits you but does no damage.
You scratch the kobold. The kobold hits you.
You take 3 damage, and have 24/27 hp.
You scratch the kobold.
You kill the kobold!
e - 37 stones (gained 3)
You see here a kobold corpse.
e - 39 stones (gained 2)
You open the door.
A goblin comes into view.
The goblin shouts!
An adder comes into view.
There is an open door here.
There are monsters nearby!
The adder closely misses you.
There is an open door here.
You barely miss the adder. The adder misses you.
You scratch the adder. The adder bites you but does no damage.
You scratch the adder. The adder bites you but does no damage.
The adder barely misses you.
You closely miss the adder. The adder bites you but does no damage.
You miss the adder. The adder bites you.
You take 3 damage, and have 23/27 hp.
You scratch the adder. The adder closely misses you.
You scratch the adder.
You kill the adder!
The goblin hits you.
You see here an adder corpse.
You take 2 damage, and have 21/27 hp.
You claw the goblin!
You kill the goblin!
You have reached level 4!
You regained 5 hp, and now have 26/34 hp.
MP restored: 5 You see here a goblin corpse.
You butcher the goblin corpse.
s - 3 chunks of flesh {@w0} You see here an adder corpse.
You butcher the adder corpse.
s - 5 chunks of flesh {@w0} (gained 2)
You see here an adder skeleton.
You start resting.
Eating one of 5 chunks of flesh {@w0}.
You feel more resilient.
This raw flesh tastes great!
You continue eating. x2
Eating one of 4 chunks of flesh {@w0}.
You feel more resilient.
This raw flesh tastes great!
You continue eating. x2
Health restored: 36
e - 61 stones (gained 22)
You found a teleport trap!
Unknown command.
You open the door.
There is an open door here.
Found a stone staircase leading up.
Found an escape hatch in the floor.
You open the door.
A worm comes into view.
Found a stone staircase leading down.
Unknown command.
A worm comes into view.
There is an open door here.
You scratch the worm. The worm bites you.
You take 4 damage, and have 32/36 hp.
You scratch the worm. You barely miss the worm. The worm bites you.
You take 3 damage, and have 29/36 hp.
You barely miss the worm. Your claw misses the worm. You barely miss the worm.
The worm barely misses you.
You claw the worm! You scratch the worm. The worm bites you!
You take 11 damage, and have 18/36 hp.
MASSIVE DAMAGE!!
You scratch the worm.
You kill the worm!
The worm bites you!
* * * LOW HITPOINT WARNING * * *
You are too injured to fight recklessly!
You take 8 damage, and have 10/36 hp.
MASSIVE DAMAGE!!
You claw the worm! You barely miss the worm. The worm barely misses you.
You barely miss the worm. You scratch the worm. The worm bites you!
You die...

######.........
+..............
######.###.##.. #.#
#....< #.# ####..
#####+# ###.# #..
#...... #####...# #..
#......##...#.########..
#....>†@'...............
#.....w##...############
#...... #...#.......#
#...... #...#.......#
####### #####.......#
#.........# #
#.........# #
#.........# # #####
#.........# #


You could see a worm.

Vanquished Creatures
  An adder (D:2)
  An ooze (D:2)
  2 worms (D:2)
  3 dart slugs (D:1)
  A giant gecko (D:1)
  4 bats
  4 giant cockroaches (D:1)
  5 goblins
  3 jackals
  A quokka (D:1)
  A giant newt (D:2)
  3 kobolds
  5 rats
34 creatures vanquished.

Notes
Turn   | Place    | Note
--------------------------------------------------------------
     0 | D:1      | Charmandara the Ghoul Warper began the quest for the Orb.
     0 | D:1      | Reached XP level 1. HP: 17/17 MP: 2/2
   113 | D:1      | Reached skill level 3 in Unarmed Combat
   113 | D:1      | Reached XP level 2. HP: 14/24 MP: 3/3
   341 | D:1      | Reached XP level 3. HP: 27/29 MP: 4/4
   554 | D:1      | Learned a level 2 spell: Blink
   707 | D:2      | Reached skill level 4 in Unarmed Combat
  1065 | D:2      | Reached XP level 4. HP: 26/34 MP: 5/5
  1151 | D:2      | Slain by a worm

Skill      XL: |  1  2  3 |
---------------+----------+-----
Unarmed Combat | 3 4 |  4.6
Fighting       | |  2.1
Throwing       | |  0.8
Armour         | |  0.8
Dodging        | |  1.7
Spellcasting   | |  1.7
Translocations | |  2.6

Action                   |  1- 3 |  4- 6 || total
-------------------------+-------+-------++-------
Melee: Unarmed           |   116 |    12 ||   128
       Punch             |     2 |       ||     2
Throw: Stone             |     1 |       ||     1
  Eat: Chunk             |     5 |     2 ||     7
Armor: Leather armour    |    40 |       ||    40
Dodge: Dodged            |    91 |     2 ||    93

Vault maps used:
D:1:      minmay_arrival_loop

Table legend:
 A = Turns spent in this place as a percentage of turns spent in the entire game.
 B = Non-inter-level travel turns spent in this place as a percentage of non-inter-level travel turns spent in the entire game.
 C = Inter-level travel turns spent in this place as a percentage of turns spent in this place.
 D = Turns resting spent in this place as a percentage of non-inter-level travel turns spent in this place.
 E = Turns spent auto-exploring this place as a percentage of non-inter-level travel turns spent in this place.
 F = Non-inter-level travel turns spent in this place divided by the number of levels of this place that you've seen.
                   A       B       C       D       E      F
               +-------+-------+-------+-------+-------+----------------------
         Total | 100.0 | 100.0 |   0.6 |   3.0 |   9.2 | 169.0
       Dungeon | 100.0 | 100.0 |   0.6 |   3.0 |   9.2 | 169.0
               +-------+-------+-------+-------+-------+----------------------

Table legend:
 A = Kills in this place as a percentage of kills in entire the game.
 B = Kills by you in this place as a percentage of kills by you in the entire game.
 C = Kills by friends in this place as a percentage of kills by friends in the entire game.
 D = Other kills in this place as a percentage of other kills in the entire game.
 E = Experience gained in this place as a percentage of experience gained in the entire game.
 F = Experience gained in this place divided by the number of levels of this place that you have seen.
                   A       B       C       D       E      F
               +-------+-------+-------+-------+-------+----------------------
         Total | 100.0 | 100.0 |  -nan |  -nan | 100.0 |  44.0
       Dungeon | 100.0 | 100.0 |  -nan |  -nan | 100.0 |  44.0
               +-------+-------+-------+-------+-------+----------------------
